 Dungeon Crawl Stone Soup version 0.23-a0-325-gb46b2e5 (webtiles) character file.

21 SmSkdm the Shooter (level 2, 13/13 HPs)
             Began as a Water Sprite Hunter on Nov 1, 2018.
             Quit the game on level 1 of the Dungeon.
             The game lasted 00:01:51 (157 turns).

SmSkdm the Shooter (Water Sprite Hunter)             Turns: 157, Time: 00:01:52

Health: 13/13      AC:  3    Str: 10    XL:     2   Next: 83%
Magic:  3/3        EV: 12    Int: 13    God:
Gold:   6          SH:  0    Dex: 15    Spells: 1/1 levels left

rFire    . . .     SeeInvis +   a - +1 shortbow
rCold    . . .     Gourm    .   (shield currently unavailable)
rNeg     . . .     Faith    .   c - +0 leather armour
rPois    .         Spirit   .   (no helmet)
rElec    .         Reflect  .   (no cloak)
rCorr    .         Harm     .   (no gloves)
MR       .....                  (no boots)
Stlth    ++........             (no amulet)
HPRegen  0.04/turn              (no ring)
MPRegen  0.08/turn              (no ring)

@: very slow
A: heal when alone, no scrolls in combat, faster in water, damage resistance,
see invisible, slowness 3
a: Fully Heal


You were on level 1 of the Dungeon.
You were not hungry.

You visited 1 branch of the dungeon, and saw 1 of its levels.

You collected 6 gold pieces.

Inventory:

Hand Weapons
 a - a +1 shortbow (weapon)
 b - a +0 short sword
Missiles
 d - 8 arrows (quivered)
Armour
 c - a +0 leather armour (worn)
Scrolls
 e - 2 scrolls of identify {unknown}
Comestibles
 f - a ration
 g - 5 chunks of flesh


   Skills:
 + Level 2.1 Fighting
 + Level 4.5 Bows
 + Level 1.9 Dodging
 + Level 1.2 Stealth


You had one spell level left.
You didn't know any spells.
Your spell library was empty.

Dungeon Overview and Level Annotations

Branches:
Dungeon (1/15)

Altars:


Innate Abilities, Weirdness & Mutations

You heal instantly when no monsters are nearby.
You cannot read scrolls in the presence of monsters.
You can move somewhat faster in water.
You are resistant to damage.
You have supernaturally acute eyesight. (SInv)
You cover ground extremely slowly.


Message History

The arrow hits the goblin but does no damage.
Firing (i - inventory)
d - 10 arrows (quivered)
Press: ? - help, Shift-Dir - straight line, f/p - goblin
Aim: a goblin, wielding a dagger You shoot an arrow.
The arrow hits the goblin but does no damage.
The goblin barely misses you.
Firing (i - inventory)
d - 9 arrows (quivered)
Press: ? - help, Shift-Dir - straight line, f/p - goblin
Aim: a goblin, wielding a dagger You shoot an arrow.
The arrow hits the goblin.
You kill the goblin!
A bat comes into view.
Found a club.
Things that are here:
a dagger; 2 arrows; a goblin corpse You butcher the goblin corpse.
Items here: % ( ) รท a dagger; 2 arrows; a chunk of flesh; a goblin skeleton Are you sure you want to abandon this character and quit the game? (Confirm

###.....##.##..###..# #
###.......##. #..#.#..##.#
..........##.##..#.......#
.........##.(.........####
........## ......#....#
..#.....# ..##.##....###
##.....## #.##............
#..#..#.# #......#......##
...######...#...@#.#..#.#
#### ........(......#
...............#
.............###
...............
..)..........#.
..........(....
.####...)b.....


You could see a bat (sleeping).

Vanquished Creatures
  A gnoll (D:1)
  2 bats (D:1)
  A giant cockroach (D:1)
  A goblin (D:1)
  2 hobgoblins (D:1)
  A kobold (D:1)
  2 rats (D:1)
10 creatures vanquished.

Notes
Turn   | Place    | Note
-------+----------+-------------------------------------------
     0 | D:1      | SmSkdm the Water Sprite Hunter began the quest for the Orb.
     0 | D:1      | Reached XP level 1. HP: 9/9 MP: 2/2
    40 | D:1      | Reached XP level 2. HP: 4/13 MP: 3/3
   157 | D:1      | Quit the game

Vault maps used:
D:1:      dpeg_arrival_arbitrary_a

Action                   || total
-------------------------++-------
 Fire: Shortbow          ||    35
Armor: Leather armour    ||     4
Dodge: Dodged            ||     9

Table legend:
 A = Non-vault XP
 B = Vault XP
 C = Vault XP percentage of total XP
 D = Non-vault monster count
 E = Vault monster count
 F = Vault count percentage of total count
                 A         B        C        D         E       F
            +---------+---------+-------+---------+---------+-------
      Total |      30 |       0 |   0.0 |      10 |       0 |   0.0
            +---------+---------+-------+---------+---------+-------
        D:1 |      30 |       0 |   0.0 |      10 |       0 |   0.0
            +---------+---------+-------+---------+---------+-------
